 Dungeon Crawl Stone Soup version 0.31.0-11-ge490571c62 (webtiles) character file.

Game seed: 7251628862019234444

85409 Malady the Warrior (level 15, -12/155 (157) HPs)
             Began as a Minotaur Chaos Knight on Feb 3, 2024.
             Was a Plaything of Xom.
             Mangled by a +5 heavy halberd (20 damage)
             ... on level 2 of the Elven Halls.
             The game lasted 02:37:56 (18511 turns).

Malady the Warrior (Minotaur Chaos Knight)         Turns: 18511, Time: 02:37:57

HP:   -12/155 (157) AC: 34    Str: 29    XL:     15   Next: 37%
MP:   14/14         EV:  9    Int:  5    God:    Xom [....*.]
Gold: 1921          SH:  5    Dex: 10    Spells: 14/14 levels left

rFire   + + +        l - +6 quarterstaff "Guranodu" {holy, rF+++ Int-3 SInv}
rCold   + . .        (shield currently unavailable)
rNeg    + . .        M - +1 crystal plate armour
rPois   .            (helmet unavailable)
rElec   .            L - +0 cloak
rCorr   .            a - -1 pair of gloves of Zaj Qigu {rF+ Slay+2 Stlth+}
SInv    +            b - +0 pair of boots of Roogguco {rN+ Regen+ Str+7 Int-5}
Will    ++...        q - amulet of reflection Stlth
                     k - +4 ring of protection
HPRegen 1.25/turn    z - ring of protection from cold
MPRegen 0.14/turn

%: reflection, clarity
@: lightly drained
A: horns 3, retaliatory headbutt, hooves 1, thin skeletal structure 1, clarity,
clever 1, clumsy 1, fire resistance 1, strong-willed 1, passive freeze,
screaming 1, no potion heal 1, inability to read after injury 1, MP-powered
wands, sturdy frame 1
a: Renounce Religion


You were on level 2 of the Elven Halls.
You worshipped Xom.
You were a beloved toy of Xom.
You visited 4 branches of the dungeon, and saw 17 of its levels.
You also visited: Ossuary and Wizlab.

You collected 2011 gold pieces.
You spent 90 gold pieces at shops.

Inventory:

Hand Weapons
 l - the +6 quarterstaff "Guranodu" (weapon) {holy, rF+++ Int-3 SInv}
   (You found it on level 2 of the Dungeon)

   Int-3:     It affects your intelligence (-3).
   rF+++:     It renders you almost immune to fire.
   SInv:      It lets you see invisible.
 s - a +1 lajatang of speed
Missiles
 u - 10 atropa-tipped darts
Armour
 a - the -1 pair of gloves of Zaj Qigu (worn) {rF+ Slay+2 Stlth+}
   (Xom gifted it to you in a wizard's laboratory)

   Slay+2:    It affects your accuracy & damage with ranged weapons and melee
   (+2).
   rF+:       It protects you from fire.
   Stlth+:    It makes you more stealthy.
 b - the +0 pair of boots of Roogguco (worn) {rN+ Regen+ Str+7 Int-5}
   (You acquired it on level 12 of the Dungeon)

   Str+7:     It affects your strength (+7).
   Int-5:     It affects your intelligence (-5).
   rN+:       It protects you from negative energy.
   Regen+:    It increases your rate of health regeneration.
 j - a +2 chain mail
 n - a +0 tower shield
 w - a +0 pair of gloves
 L - a +0 cloak (worn)
 M - a +1 crystal plate armour (worn)
Jewellery
 k - a +4 ring of protection (left hand)
 q - an amulet of reflection (around neck)
 x - a ring of protection from fire
 z - a ring of protection from cold (right hand)
Wands
 f - a wand of roots (5)
 h - a wand of mindburst (2)
 m - a wand of light (14)
 y - a wand of digging (7)
 F - a wand of flame (12) (quivered)
 G - a wand of polymorph (13)
 H - a wand of charming (2)
Scrolls
 c - a scroll of identify
 d - a scroll of brand weapon
 e - a scroll of fear
 r - a scroll of revelation
 A - a scroll of amnesia
 C - 4 scrolls of fog
Potions
 g - 3 potions of enlightenment
 B - a potion of haste
 D - a potion of brilliance
 E - a potion of might
 K - a potion of magic


   Skills:
 * Level 20.7 Fighting
 - Level 4.8(12.6) Polearms
 + Level 17.8(18.0) Staves
 - Level 2.1 Throwing
 + Level 17.0 Armour
 + Level 4.3 Dodging
 - Level 0.2 Stealth
 - Level 1.2 Shields
 + Level 0.1 Unarmed Combat
 - Level 1.3 Evocations


You had 14 spell levels left.
You didn't know any spells.
Your spell library contained the following spells:

 Spells                   Type           Power      Damage    Failure   Level
 Apportation              Tloc           0%         N/A       99%         1
 Magic Dart               Conj           0%         1d3       99%         1
 Necrotise                Necr           0%         1d4       99%         1
 Shock                    Conj/Air       0%         1d3       99%         1
 Sting                    Conj/Alch      0%         1d3       99%         1
 Summon Small Mammal      Summ           0%         N/A       99%         1
 Blink                    Tloc           0%         N/A       100%        2
 Call Imp                 Summ           0%         N/A       100%        2
 Ensorcelled Hibernation  Hex/Ice        0%         N/A       100%        2
 Fugue of the Fallen      Necr           0%         N/A       100%        3
 Summon Ice Beast         Ice/Summ       0%         N/A       100%        3
 Swiftness                Air            0%         N/A       100%        3
 Airstrike                Air            0%         2d(0-16)  100%        4
 Anguish                  Hex/Necr       0%         N/A       100%        4
 Animate Dead             Necr           0%         N/A       100%        4
 Brom's Barrelling Bould  Conj/Erth      0%         2d3       100%        4
 Fireball                 Conj/Fire      0%         3d3       100%        5
 Iskenderun's Battlesphe  Conj           0%         2d6       100%        5
 Summon Mana Viper        Hex/Summ       0%         N/A       100%        5
 Conjure Ball Lightning   Conj/Air       0%         3x3d6     100%        6
 Haunt                    Necr/Summ      0%         N/A       100%        7
 Monstrous Menagerie      Summ           0%         N/A       100%        7
 Orb of Destruction       Conj           0%         9d5       100%        7
 Infestation              Necr           0%         N/A       100%        8


Dungeon Overview and Level Annotations

Branches:
Dungeon (12/15)            Temple (1/1) D:6            Lair (0/5) D:10
    Orc (2/2) D:12            Elf (2/3) Orc:2       Ossuary (visited)
 WizLab (visited)

Altars:
Ashenzari
Cheibriados
Dithmenos
Elyvilon
Fedhas
Gozag
Hepliaklqana
Kikubaaqudgha
Makhleb
Nemelex Xobeh
Okawaru
Qazlal
Ru
Sif Muna
Trog
Uskayaw
Vehumet
Wu Jian
Xom
Yredelemnul
Zin
The Shining One

Shops:
D:8 (   Orc:1 ??=:[   Orc:2 ([=*   Elf:1 :[(

Annotations:
D:10 1 runed translucent door


Innate Abilities, Weirdness & Mutations

You have a pair of large horns on your head.
You reflexively headbutt those who attack you in melee.
You have large cloven feet.
You have a somewhat thin skeletal structure. (Dex +2, Stealth+)
You possess an exceptional clarity of mind.
Your mind is acute. (Int +4, Str/Dex -1)
You are clumsy. (Dex -2)
Your flesh is heat resistant. (rF+)
You are strong-willed. (Will+)
A frigid envelope surrounds you and freezes all who hurt you.
You occasionally shout uncontrollably at your foes.
Potions are less effective at restoring your health.
You occasionally lose the ability to read scrolls when taking damage.
You expend magic power (3 MP) to strengthen your wands.
Your movements are slightly less encumbered by armour. (ER -2)


Message History

The +1 eveningstar of flaming hits you but does no damage.
The +1 eveningstar of flaming completely resists.
The deep elf zephyrmancer casts a spell.
The deep elf zephyrmancer blinks!
Blink to where?
Press: ? - help, Dir - move target A +0 flail of holy wrath comes into view.
As you read the scroll labelled XYMICK SIJAOC, it crumbles to dust.
You have identified the last scroll.
A - a scroll of amnesia It was a scroll of blinking.
A +5 heavy halberd comes into view.
The +0 flail of holy wrath closely misses you.
You furiously retaliate!
You headbutt the +0 flail of holy wrath!
The +0 flail of holy wrath hits you!
* * * LOW HITPOINT WARNING * * *
The +0 flail of holy wrath resists.
The +0 flail of holy wrath is very cold.
The +0 flail of holy wrath is heavily damaged.
You open the large door. The +0 flail of holy wrath hits you!
* * * LOW HITPOINT WARNING * * *
The +0 flail of holy wrath resists.
The +0 flail of holy wrath is very cold.
The +0 flail of holy wrath is severely damaged.
A +1 trident of protection comes into view.
The +0 flail of holy wrath attacks as it pursues you!
The +0 flail of holy wrath closely misses you.
You furiously retaliate!
You headbutt the +0 flail of holy wrath.
The +0 flail of holy wrath hits you but does no damage.
The +0 flail of holy wrath resists.
The +0 flail of holy wrath is very cold.
The +0 flail of holy wrath is severely damaged.
There is a large open door here.
You open the gate. The +0 flail of holy wrath hits you.
* * * LOW HITPOINT WARNING * * *
The +5 heavy halberd hits you from afar!!
You die...
Xom titters!

####.....#####** **,,,,,,,,,,,,,,
##............,***,,,,,,,,,,,,,,,
*#...#.....#..,**,,,,,,,,,,,,,,,,
#..###...##*..**,,,,....,,,,,,,,
#.## *#.## ##.**,,,.....,,,,,,,,
##).##*,..###..##+,....(.,,,,,,,,
.#...#.....#...'.+*.......,,,,,,,
...............'.##........,,,,,,
##...#.....#...'@'#........,,,,,,
#..###...*##..##((........,,,,,,
#.## *#.#* ##,*#(.........,,,,,,
#..***,..***,,*#(.........,,,,,,
*#..,*,,,,,*,,,*#..........,,,,,,
*#...,,,,,,,,,,*##.........,,,,,,
#####*********** ##(.......,,,,,,
..* ##(..#.....,,,,, ..*
*#...###....,,,,,


You could see 6 dancing weapons.

Vanquished Creatures
  Saint Roka (Orc:2)
  Rupert (D:12)
  A lich (D:10)
  Asterion (Elf:1)
  Donald (Orc:2)
  A nagaraja (WizLab)
  Kirke (Elf:1)
  2 deep elf sorcerers (WizLab)
  A deep elf elementalist (Elf:1)
  3 demonspawn corrupters (WizLab)
  2 deep elf death magi (Elf:1)
  A deep elf annihilator (Elf:1)
  A deep elf high priest (WizLab)
  2 merfolk javelineers (WizLab)
  2 ettins
  Josephine (D:12)
  2 entropy weavers (WizLab)
  Erolcha (Orc:1)
  6 two-headed ogres
  An ogre mage (Orc:2)
  A hydra (D:10)
  The ghost of psychodelta the Fighter, a journeyman GrFi of Gozag (D:10)
  10 dancing weapons
  2 merfolk aquamancers (WizLab)
  2 boulder beetles
  An orc high priest (Orc:2)
  5 occultists (WizLab)
  10 deep elf knights
  Urug (Orc:2)
  A skeletal warrior (D:10)
  Sonja (D:12)
  Lodul (D:12)
  A flayed ghost (D:10)
  5 arcanists (WizLab)
  4 deep elf archers
  2 orc knights (Orc:2)
  2 necromancers
  4 orc sorcerers
  5 deep elf pyromancers
  11 deep elf zephyrmancers
  A manticore (D:8)
  3 worldbinders (WizLab)
  3 kobold blastminers
  Joseph (D:7)
  A guardian serpent (WizLab)
  A gargoyle (D:12)
  Maggie (D:6)
  4 kobold demonologists
  Jeremiah (D:7)
  A troll (D:9)
  A wolf spider simulacrum (D:10)
  A hornet (D:8)
  Prince Ribbit (D:7)
  A glass eye (WizLab)
  A centaur simulacrum (D:10)
  2 air elementals (Elf:1)
  21 yaks
  3 shadows
  4 vampires
  6 wraiths (D:12)
  2 wyverns
  4 hogs (Elf:1)
  2 vampire mosquitoes (D:12)
  A warg (Orc:1)
  Menkaure (D:7)
  2 water moccasins
  6 acid dragons
  20 orc warriors
  A swamp drake (D:12)
  3 ice beasts
  3 black bears
  A sky beast (D:7)
  13 ogres
  4 centaurs
  14 kobold brigands
  A weeping skull (Ossuary)
  3 bullfrogs
  An earth elemental (Elf:1)
  4 scorpions
  2 gnoll sergeants
  13 wights
  3 bombardier beetles
  A jelly (D:8)
  2 bullfrog zombies (Ossuary)
  4 centaur zombies (Ossuary)
  2 hounds
  19 orc priests
  Jessica (D:2)
  2 iguanas
  24 orc wizards
  A hound zombie (D:4)
  2 hound skeletons (D:4)
  5 adders
  13 gnolls
  3 shadow imps
  6 ufetubi
  3 adder skeletons (D:4)
  2 adder zombies (Ossuary)
  5 dart slugs
  2 ribbon worms
  71 orcs
  2 ball pythons
  7 endoplasms
  6 giant cockroaches
  5 gnoll zombies (Ossuary)
  4 goblins
  6 hobgoblins
  5 quokkas
  6 bats
  4 frilled lizards
  4 goblin zombies (Ossuary)
  2 hobgoblin zombies (Ossuary)
  28 kobolds
  3 orc zombies (Ossuary)
  7 rats
  A spectral weapon (Elf:1)
522 creatures vanquished.

Vanquished Creatures (collateral kills)
  A dancing weapon (Elf:2)
  A deep elf knight (Elf:2)
  A deep elf archer (Elf:1)
  3 deep elf zephyrmancers
  3 deep elf pyromancers
  2 orc warriors (Orc:2)
  An ogre (D:12)
  An orc priest (Orc:2)
  A kobold (D:7)
14 creatures vanquished.

Vanquished Creatures (others)
  A dancing weapon (Orc:2)
  A deep elf knight (Elf:1)
  A water elemental (Elf:1)
  A human (Elf:1)
  An ogre (D:12)
  2 orc wizards (Orc:2)
  An orc (D:12)
  6 starspawn tentacles (WizLab)
14 creatures vanquished.

Grand Total: 550 creatures vanquished

Notes
Turn   | Place    | Note
-------+----------+-------------------------------------------
     0 | D:1      | Malady the Minotaur Chaos Knight began the quest for the
                  | Orb.
     0 | D:1      | Reached XP level 1. HP: 19/19 MP: 0/0
    86 | D:1      | XOM: silly message
   348 | D:1      | XOM: 3-stop teleportation journey
   482 | D:1      | Reached skill level 4 in Fighting
   482 | D:1      | Reached XP level 2. HP: 27/27 MP: 1/1
   780 | D:1      | XOM: silly message
   989 | D:2      | Noticed Jessica
   990 | D:2      | Killed Jessica
   991 | D:2      | Reached XP level 3. HP: 34/34 MP: 2/2
  1017 | D:2      | Reached XP level 4. HP: 36/41 MP: 3/3
  1028 | D:2      | Found a faded altar of an unknown god.
  1136 | D:2      | Reached skill level 5 in Fighting
  1186 | D:2      | Identified the +6 quarterstaff "Guranodu" {holy, rF+++
                  | Int-3 SInv}
  1277 | D:2      | Gained mutation: You sometimes lose your temper in combat.
                  | [potion of mutation]
  1278 | D:2      | Lost mutation: You sometimes lose your temper in combat.
                  | [potion of mutation]
  1278 | D:2      | Gained mutation: You are partially covered in iridescent
                  | scales. (AC +2) [potion of mutation]
  1278 | D:2      | Gained mutation: Armour fits poorly on your strangely
                  | shaped body. [potion of mutation]
  1652 | D:2      | XOM: 1-stop teleportation journey
  1695 | D:2      | XOM: silly message
  1813 | D:2      | XOM: silly message
  2035 | D:3      | Lost mutation: Armour fits poorly on your strangely shaped
                  | body. [potion of mutation]
  2035 | D:3      | Lost mutation: You are partially covered in iridescent
                  | scales. (AC +2) [potion of mutation]
  2035 | D:3      | Gained mutation: You have a pair of large horns on your
                  | head. [potion of mutation]
  2035 | D:3      | Gained mutation: Potions are less effective at restoring
                  | your health. [potion of mutation]
  2035 | D:3      | Gained mutation: You are agile. (Dex +4, Str/Int -1)
                  | [potion of mutation]
  2249 | D:3      | Noticed a scorpion
  2253 | D:3      | Killed a scorpion
  2254 | D:3      | Reached skill level 1 in Staves
  2254 | D:3      | Reached XP level 5. HP: 44/48 MP: 4/4
  2348 | D:3      | Found a snail-covered altar of Cheibriados.
  2761 | D:4      | XOM: noise
  2779 | D:4      | XOM: 2-stop teleportation journey
  2850 | D:4      | Noticed an ogre
  2856 | D:4      | Killed an ogre
  2857 | D:4      | Reached XP level 6. HP: 42/56 MP: 5/5
  2902 | D:4      | Found a sand-covered staircase.
  2912 | Ossuary  | XOM: noise
  2912 | Ossuary  | Entered an ossuary
  2980 | Ossuary  | Reached skill level 6 in Fighting
  3011 | Ossuary  | XOM: cast spell 'Discord'
  3020 | Ossuary  | Reached skill level 5 in Armour
  3020 | Ossuary  | Reached XP level 7. HP: 56/63 MP: 6/6
  3053 | Ossuary  | Noticed a silent spectre
  3100 | Ossuary  | Lost mutation: You are agile. (Dex +4, Str/Int -1) [potion
                  | of mutation]
  3100 | Ossuary  | Lost mutation: You have a pair of large horns on your head.
                  | [potion of mutation]
  3100 | Ossuary  | Gained mutation: You are dopey. (Int -2) [potion of
                  | mutation]
  3100 | Ossuary  | Gained mutation: You are frail. (-10% HP) [potion of
                  | mutation]
  3100 | Ossuary  | Gained mutation: You occasionally lose the ability to read
                  | scrolls when taking damage. [potion of mutation]
  3100 | Ossuary  | Gained mutation: You expend magic power (3 MP) to
                  | strengthen your wands. [potion of mutation]
  3101 | Ossuary  | Lost mutation: You expend magic power (3 MP) to strengthen
                  | your wands. [potion of mutation]
  3101 | Ossuary  | Lost mutation: You are frail. (-10% HP) [potion of
                  | mutation]
  3101 | Ossuary  | Lost mutation: You are dopey. (Int -2) [potion of mutation]
  3101 | Ossuary  | Gained mutation: Your skin changes colour to match your
                  | surroundings (Stealth+). [potion of mutation]
  3101 | Ossuary  | Gained mutation: You possess an exceptional clarity of
                  | mind. [potion of mutation]
  3675 | D:4      | Reached skill level 5 in Staves
  3859 | D:4      | Found a burning altar of Makhleb.
  3926 | D:4      | XOM: summons 1 hostile demon
  4243 | D:5      | Entered Level 5 of the Dungeon
  4276 | D:5      | XOM: noise
  4277 | D:5      | XOM: draining
  4279 | D:5      | XOM: confuse monster(s)
  4285 | D:5      | Reached skill level 1 in Shields
  4292 | D:5      | XOM: swap monsters
  4293 | D:5      | XOM: noise
  4421 | D:5      | Reached XP level 8. HP: 69/71 MP: 7/7
  4441 | D:5      | Reached skill level 7 in Fighting
  4645 | D:5      | XOM: summons 4 hostile demons
  5249 | D:6      | Found a staircase to the Ecumenical Temple.
  5307 | Temple   | Entered the Ecumenical Temple
  5402 | D:6      | XOM: 1-stop teleportation journey
  5609 | D:6      | Found a shadowy altar of Dithmenos.
  5616 | D:6      | Noticed Maggie
  5616 | D:6      | XOM: potion effect (haste)
  5626 | D:6      | Killed Maggie
  5627 | D:6      | Reached skill level 8 in Fighting
  5691 | D:6      | XOM: silly message
  5736 | D:6      | XOM: silly message
  6001 | D:6      | XOM: potion effect (attraction)
  6032 | D:6      | XOM: noise
  6063 | D:6      | XOM: noise
  6210 | D:7      | Found a blossoming altar of Fedhas.
  6211 | D:7      | Found an iron altar of Okawaru.
  6244 | D:7      | Noticed Joseph
  6257 | D:7      | XOM: potion effect (might)
  6261 | D:7      | Killed Joseph
  6262 | D:7      | Reached XP level 9. HP: 36/82 MP: 8/8
  6433 | D:7      | XOM: potion effect (might)
  6456 | D:7      | Reached skill level 9 in Fighting
  6543 | D:7      | XOM: silly message
  6609 | D:7      | XOM: noise
  6658 | D:7      | Noticed Menkaure
  6659 | D:7      | XOM: confuse monster(s)
  6661 | D:7      | XOM: enchant monster (good)
  6662 | D:7      | Killed Menkaure
  6784 | D:7      | Noticed Prince Ribbit
  6799 | D:7      | Killed Prince Ribbit
  6800 | D:7      | Reached skill level 10 in Staves
  6893 | D:7      | XOM is BORED!
  6893 | D:7      | XOM: give mutation
  6893 | D:7      | Gained mutation: Your natural rate of healing is unusually
                  | fast. [Xom's mischief]
  6939 | D:7      | XOM: summons friendly ufetubus
  6985 | D:7      | XOM: divination: magic mapping
  7067 | D:7      | XOM: torment (44/85 hp)
  7080 | D:7      | XOM: 1-stop teleportation journey
  7098 | D:7      | Reached skill level 1 in Evocations
  7116 | D:7      | XOM: 3-stop teleportation journey
  7158 | D:7      | Reached skill level 10 in Fighting
  7166 | D:7      | XOM: summons friendly shadow imp
  7168 | D:7      | Noticed a two-headed ogre
  7181 | D:7      | Killed a two-headed ogre
  7182 | D:7      | Reached XP level 10. HP: 80/94 MP: 9/9
  7307 | D:7      | Noticed Jeremiah
  7308 | D:7      | XOM: blink monster(s)
  7326 | D:7      | Killed Jeremiah
  7527 | D:8      | Found a glowing golden altar of the Shining One.
  7596 | D:8      | Noticed a manticore
  7609 | D:8      | Killed a manticore
  7610 | D:8      | Reached skill level 11 in Fighting
  7780 | D:8      | Noticed a two-headed ogre
  7809 | D:8      | Killed a two-headed ogre
  7890 | D:8      | XOM: confuse monster(s)
  7921 | D:8      | Paralysed by a hornet for 3 turns
  7927 | D:8      | XOM: noise
  7931 | D:8      | XOM: noise
  8111 | D:8      | XOM: god gift: whip {god gift}
  8137 | D:8      | Found Abiobyde's Antique Weapon Shoppe.
  8222 | D:8      | XOM: 1-stop teleportation journey
  8284 | D:8      | XOM: blink monster(s)
  8300 | D:8      | XOM: noise
  8308 | D:8      | XOM: give mutations
  8308 | D:8      | Gained mutation: Your mind is acute. (Int +4, Str/Dex -1)
                  | [Xom's grace]
  8308 | D:8      | Gained mutation: You have a somewhat thin skeletal
                  | structure. (Dex +2, Stealth+) [Xom's grace]
  8308 | D:8      | Gained mutation: You expend magic power (3 MP) to
                  | strengthen your wands. [Xom's grace]
  8308 | D:8      | Gained mutation: You have a pair of large horns on your
                  | head. [Xom's grace]
  8447 | D:9      | Found a white marble altar of Elyvilon.
  8550 | D:9      | Reached skill level 12 in Fighting
  8566 | D:9      | XOM: blink monster(s)
  8663 | D:9      | Noticed a two-headed ogre
  8665 | D:9      | XOM: chaos cloud
  8667 | D:9      | a two-headed ogre changed into an eye of devastation
  8667 | D:9      | Noticed an eye of devastation
  8672 | D:9      | Paralysed by you for 1 turns
  8672 | D:9      | an eye of devastation changed into a troll
  8672 | D:9      | XOM: polymorph eye of devastation -> troll
  8681 | D:9      | XOM: give mutations
  8681 | D:9      | Gained mutation: You occasionally shout uncontrollably at
                  | your foes. [Xom's mischief]
  8681 | D:9      | Gained mutation: You are clumsy. (Dex -2) [Xom's mischief]
  8681 | D:9      | Lost mutation: Your skin changes colour to match your
                  | surroundings (Stealth+). [Xom's mischief]
  8919 | D:9      | Found the +7 Throatcutter {drain, coup de grace}
  8925 | D:9      | Reached XP level 11. HP: 105/105 MP: 10/10
  8926 | D:9      | Reached skill level 10 in Armour
  9193 | D:9      | Found an ancient bone altar of Kikubaaqudgha.
  9576 | D:10     | Entered Level 10 of the Dungeon
  9691 | D:10     | XOM: 1-stop teleportation journey
  9701 | D:10     | XOM: summons friendly iron imp
  9717 | D:10     | Found a radiant altar of Vehumet.
  9722 | D:10     | XOM: 5-stop teleportation journey
  9733 | D:10     | XOM: torment (35/106 hp)
  9735 | D:10     | XOM: smoke on damage
  9753 | D:10     | XOM: 4-stop teleportation journey
  9762 | D:10     | XOM: stat loss: -1 Int (9/10)
  9852 | D:10     | Reached skill level 13 in Fighting
  9991 | D:10     | XOM: 2-stop teleportation journey
 10147 | D:10     | Found a staircase to the Lair.
 10185 | D:10     | Found a runed translucent door.
 10188 | D:10     | Found a runed translucent door.
 10188 | D:10     | Noticed a four-headed hydra
 10190 | D:10     | Noticed a skeletal warrior
 10190 | D:10     | Noticed a deep elf pyromancer
 10190 | D:10     | Noticed a necromancer
 10191 | D:10     | Noticed a lich
 10191 | D:10     | Noticed a flayed ghost
 10193 | D:10     | Noticed psychodelta's ghost (journeyman GrFi)
 10530 | D:10     | Killed a four-headed hydra
 10531 | D:10     | Reached skill level 1 in Throwing
 10541 | D:10     | Killed a deep elf pyromancer
 10557 | D:10     | XOM: enchant monster (good)
 10558 | D:10     | Killed psychodelta's ghost
 10564 | D:10     | Killed a lich
 10565 | D:10     | Reached skill level 14 in Fighting
 10594 | D:10     | Killed a necromancer
 10603 | D:10     | Killed a skeletal warrior
 10604 | D:10     | Reached XP level 12. HP: 23/117 MP: 1/11
 10604 | D:10     | XOM: enchant monster (good)
 10813 | D:10     | Found a sacrificial altar of Ru.
 11184 | D:11     | Noticed a boulder beetle
 11194 | D:11     | XOM: divination: detect creatures
 11207 | D:11     | Killed a boulder beetle
 11283 | D:11     | XOM: 6-stop teleportation journey
 11329 | D:11     | Identified the +1 robe of Wafagez {rN+ Str+3 Dex+3 Stlth-}
 11863 | D:11     | XOM: polymorph yak -> water moccasin
 11871 | D:11     | XOM: divination: detect items
 11881 | D:11     | XOM: 5-stop teleportation journey
 12047 | D:11     | XOM: scenery: 1 doors close
 12148 | D:12     | Noticed Lodul
 12153 | D:12     | Noticed Josephine
 12155 | D:12     | Killed Lodul
 12155 | D:12     | XOM: potion effect (haste)
 12181 | D:12     | Killed Josephine
 12187 | D:12     | Noticed a boulder beetle
 12188 | D:12     | XOM: give mutations
 12188 | D:12     | Gained mutation: A frigid envelope surrounds you and
                  | freezes all who hurt you. [Xom's grace]
 12188 | D:12     | Gained mutation: Your flesh is heat resistant. (rF+) [Xom's
                  | grace]
 12214 | D:12     | Killed a boulder beetle
 12215 | D:12     | Reached skill level 15 in Fighting
 12223 | D:12     | Reached skill level 15 in Staves
 12295 | D:12     | XOM: give mutations
 12295 | D:12     | Gained mutation: You have sharp toenails. [Xom's grace]
 12295 | D:12     | Gained mutation: You are strong-willed. (Will+) [Xom's
                  | grace]
 12429 | D:12     | Noticed Rupert
 12440 | D:12     | XOM: 3-stop teleportation journey
 12446 | D:12     | XOM: polymorph orc -> dart slug
 12467 | D:12     | XOM: god gift: scroll labelled OTESAP XOCOPSA {god gift}
 12469 | D:12     | Identified 2 scrolls of acquirement
 12469 | D:12     | Acquired the +0 pair of boots of Roogguco {rN+ Regen+ Str+7
                  | Int-5}
 12476 | D:12     | Acquired a +1 lajatang of speed
 12523 | D:12     | XOM: swap monsters
 12538 | D:12     | Noticed Sonja
 12543 | D:12     | Killed Sonja
 12561 | D:12     | XOM: stat loss: -1 Dex (9/10)
 12566 | D:12     | XOM: 2-stop teleportation journey
 12855 | D:12     | XOM: summons 2 hostile shadow creatures
 12935 | D:12     | Killed Rupert
 12944 | D:12     | XOM: summons 7 hostile demons
 13047 | D:12     | Found a staircase to the Orcish Mines.
 13197 | Orc:1    | Entered Level 1 of the Orcish Mines
 13225 | Orc:1    | Reached skill level 16 in Fighting
 13237 | Orc:1    | Found Babia's Magic Scroll Boutique.
 13268 | Orc:1    | Found Nerequurch's Magic Scroll Shop.
 13281 | Orc:1    | Bought a scroll of enchant armour for 90 gold pieces
 13338 | Orc:1    | Noticed Erolcha
 13338 | Orc:1    | XOM: swap monsters
 13339 | Orc:1    | Noticed an ettin
 13357 | Orc:1    | Killed an ettin
 13358 | Orc:1    | Reached XP level 13. HP: 82/128 MP: 3/12
 13358 | Orc:1    | XOM: 6-stop teleportation journey
 13366 | Orc:1    | Killed Erolcha
 13453 | Orc:1    | Found Ostyatau's Antique Armour Shop.
 13505 | Orc:1    | Found Nemahuam's Jewellery Emporium.
 13529 | Orc:1    | XOM: summons friendly quasit
 13689 | Orc:1    | Found Noshagug's Book Shoppe.
 13937 | Orc:2    | Entered Level 2 of the Orcish Mines
 14053 | Orc:2    | Found a staircase to the Elven Halls.
 14167 | Orc:2    | XOM: silly message
 14258 | Orc:2    | XOM: summons 2 friendly demons
 14353 | Orc:2    | Paralysed by an ogre mage for 5 turns
 14361 | Orc:2    | XOM: cast spell 'Summon Ice Beast'
 14377 | Orc:2    | XOM: divination: magic mapping
 14405 | Orc:2    | XOM: divination: magic mapping
 14416 | Orc:2    | Noticed Urug
 14418 | Orc:2    | XOM: chaos cloud
 14421 | Orc:2    | XOM: 2-stop teleportation journey
 14425 | Orc:2    | XOM: swap monsters
 14433 | Orc:2    | XOM: enchant monster (bad)
 14472 | Orc:2    | Reached skill level 17 in Fighting
 14501 | Orc:2    | Noticed Saint Roka
 14531 | Orc:2    | XOM: chaos upgrade
 14545 | Orc:2    | XOM: blink monster(s)
 14716 | Orc:1    | XOM: give mutations
 14716 | Orc:1    | Gained mutation: You have hidden genetic potential. [Xom's
                  | grace]
 14716 | Orc:1    | Gained mutation: You have razor-sharp toenails. [Xom's
                  | grace]
 14716 | Orc:1    | Lost mutation: You have razor-sharp toenails. [Xom's grace]
 14716 | Orc:1    | Lost mutation: You have sharp toenails. [Xom's grace]
 14716 | Orc:1    | Gained mutation: You have large cloven feet. [Xom's grace]
 14723 | Orc:2    | XOM: confuse monster(s)
 14739 | Orc:2    | Killed Saint Roka
 14841 | Orc:2    | XOM: fog
 14854 | Orc:2    | XOM: scenery: create altars
 14862 | Orc:2    | XOM: confuse monster(s)
 14890 | Orc:2    | XOM: divination: magic mapping
 14893 | Orc:2    | XOM: silly message
 14897 | Orc:2    | XOM: cast spell 'Fugue of the Fallen'
 14898 | Orc:2    | Killed Urug
 14926 | Orc:2    | XOM: 4-stop teleportation journey
 14929 | Orc:2    | Noticed Donald
 14954 | Orc:2    | Found Wull's Antique Weapon Shop.
 14960 | Orc:2    | Found Odoch's Antique Armour Shop.
 14976 | Orc:2    | Found Talathor's General Store.
 15082 | Orc:2    | XOM: smoke on damage
 15084 | Orc:2    | Killed Donald
 15359 | Orc:2    | XOM: silly message
 15377 | Orc:2    | Found Xoypnu Wopuff's Jewellery Shop.
 15699 | Orc:2    | XOM: scenery: create altars
 15735 | Elf:1    | Entered Level 1 of the Elven Halls
 15737 | Elf:1    | XOM: butterfly on damage
 15738 | Elf:1    | Noticed a deep elf death mage
 15739 | Elf:1    | XOM: scenery: create altars
 15752 | Elf:1    | XOM: potion effect (curing)
 15763 | Elf:1    | Killed a deep elf death mage
 15768 | Elf:1    | Killed a ghostly deep elf death mage
 15773 | Elf:1    | Reached skill level 18 in Fighting
 15778 | Elf:1    | XOM: cleaving
 15788 | Elf:1    | XOM: enchant monster (good)
 15866 | Elf:1    | Found Zice's Antique Armour Shop.
 15868 | Elf:1    | Found Miel's Weapon Boutique.
 15991 | Elf:1    | Found Ofad's Book Shoppe.
 16017 | Elf:1    | Reached XP level 14. HP: 121/144 MP: 13/13
 16291 | Elf:1    | XOM: confuse monster(s)
 16297 | Elf:1    | Noticed Asterion
 16303 | Elf:1    | Noticed an Executioner
 16498 | Elf:1    | Noticed a balrug
 16517 | Elf:1    | Killed Asterion
 16541 | Elf:1    | XOM: cloud trail
 16593 | Elf:1    | XOM: scenery: 4 doors close
 16635 | Elf:1    | XOM: summons 2 friendly demons
 16646 | Elf:1    | XOM: 3-stop teleportation journey
 16650 | Elf:1    | XOM: cast spell 'Olgreb's Toxic Radiance'
 16660 | Elf:1    | Noticed a deep elf elementalist
 16669 | Elf:1    | Paralysed by an air elemental for 1 turns
 16748 | Elf:1    | Reached skill level 15 in Armour
 16763 | Elf:1    | Reached skill level 19 in Fighting
 16771 | Elf:1    | Gained mutation: Your movements are slightly less
                  | encumbered by armour. (ER -2) [hidden potential]
 16806 | Elf:1    | XOM: cleaving
 16808 | Elf:1    | Killed a deep elf elementalist
 16894 | Elf:1    | Noticed Kirke
 16916 | Elf:1    | Killed Kirke
 17283 | Elf:2    | XOM: potion effect (might)
 17285 | Elf:2    | Paralysed by an air elemental for 1 turns
 17337 | Elf:2    | XOM: enchant monster (good)
 17338 | Elf:2    | XOM: divine lightning
 17452 | Elf:2    | Found a magical portal.
 17457 | WizLab   | Entered Alistair's Party Mansion
 17497 | WizLab   | Identified the -1 pair of gloves of Zaj Qigu {rF+ Slay+2
                  | Stlth+} (Xom gifted it to you in a wizard's laboratory)
 17497 | WizLab   | XOM: god gift: -1 pair of gloves of Zaj Qigu {rF+ Slay+2
                  | Stlth+}
 17555 | WizLab   | XOM: god gift: morningstar {god gift}
 17643 | WizLab   | XOM: god gift: rapier {god gift}
 17650 | WizLab   | Reached skill level 20 in Fighting
 17739 | WizLab   | Noticed a deep elf sorcerer
 17739 | WizLab   | XOM: swap monsters
 17752 | WizLab   | Killed a deep elf sorcerer
 17753 | WizLab   | Reached XP level 15. HP: 155/155 MP: 14/14
 17820 | WizLab   | Noticed a nagaraja
 17858 | WizLab   | XOM: scenery: 1 doors close
 17859 | WizLab   | HP: 7/155 [constriction (2)]
 17861 | WizLab   | Killed a nagaraja
 17868 | WizLab   | Noticed an ancient champion
 17940 | WizLab   | XOM: 3-stop teleportation journey
 17946 | WizLab   | Noticed a sphinx
 17949 | WizLab   | Noticed a sphinx
 17949 | WizLab   | Noticed a sphinx
 17961 | WizLab   | XOM: cleaving
 18007 | WizLab   | Noticed a deep elf sorcerer
 18008 | WizLab   | Noticed an ancient champion
 18014 | WizLab   | XOM: summons 1 hostile shadow creature
 18015 | WizLab   | Noticed a tentacled starspawn
 18015 | WizLab   | Noticed a tentacled starspawn
 18020 | WizLab   | Killed a deep elf sorcerer
 18032 | WizLab   | Noticed a tentacled starspawn
 18035 | WizLab   | Paralysed by you for 1 turns
 18035 | WizLab   | XOM: swap monsters
 18036 | WizLab   | Noticed a sphinx
 18039 | WizLab   | XOM: give mutations
 18039 | WizLab   | Lost mutation: Your natural rate of healing is unusually
                  | fast. [Xom's mischief]
 18039 | WizLab   | Lost mutation: You have hidden genetic potential. [Xom's
                  | mischief]
 18046 | WizLab   | Noticed a tentacled starspawn
 18054 | WizLab   | XOM: swap monsters
 18071 | WizLab   | XOM: blink monster(s)
 18073 | WizLab   | Noticed an acid blob
 18073 | WizLab   | Noticed a rockslime
 18073 | WizLab   | HP: 4/156 [war gargoyle/spray of metal splinters[a
                  | demonspawn corrupter] (22)]
 18393 | Elf:2    | XOM: chaos upgrade
 18465 | Elf:2    | XOM: 1-stop teleportation journey
 18473 | Elf:2    | XOM: confuse monster(s)
 18478 | Elf:2    | XOM: confuse monster(s)
 18492 | Elf:2    | XOM: confuse monster(s)
 18499 | Elf:2    | XOM: summons friendly crimson imp
 18508 | Elf:2    | Found a runed translucent gate.
 18508 | Elf:2    | Found a runed translucent gate.
 18508 | Elf:2    | HP: 5/155 [+0 flail of holy wrath (7)]
 18509 | Elf:2    | Found a runed translucent gate.
 18511 | Elf:2    | Mangled by a +5 heavy halberd

Illustrated notes

Levels and vault maps discovered:
D:1:      minmay_arrival_up_and_down, layout_basic, serial_forest,
          infiniplex_forest_straight_3, infiniplex_forest_clump_medium,
          infiniplex_forest_lined_2, infiniplex_forest_lined_corner,
          infiniplex_forest_lined_2, infiniplex_forest_lined_room_,
          infiniplex_forest_straight_4, infiniplex_forest_clump_curved,
          grunt_decor_arrowhead, serial_bayou_ford_a
D:2:      layout_basic, hellmonk_ecumenical_altar_blasted, uniq_jessica
D:3:      layout_basic, mainiacjoe_overflow_concentric_impassable,
          kennysheep_doodads
D:4:      layout_layer_cave, lightli_temple_of_fire,
          mainiacjoe_ossuary_entry_find_the_door
D:5:      layout_basic, grunt_ministairs_12
D:6:      layout_basic, mainiacjoe_overflow_six_doors_small,
          minmay_temple_entry_ruins, minivault_5, uniq_maggie
D:7:      minmay_angry_zag, layout_loops_ring, amethyst_overflow_temple_binary,
          hangedman_decor_push, kennysheep_cluttered_room, uniq_menkaure,
          uniq_prince_ribbit1, uniq_jeremiah, uniq_joseph
D:8:      layout_basic, mainiacjoe_overflow_cross_hatched, serial_shops, shop,
          kennysheep_generic_room_5
D:9:      layout_roguey, kennysheep_little_box, mainiacjoe_overflow_paths,
          corexii_checkpoint, dilly_guarded_unrand_throatcut
D:10:     layout_roguey, vehumet_altar_wand_db, nicolae_ru_the_path_less_chosen,
          lair_entry_dummy, muffindrake_ghost_dual_entry
D:11:     layout_irregular_city
D:12:     layout_rooms, erik_orc_1, uniq_rupert, uniq_sonja, uniq_josephine,
          uniq_lodul
Temple:   nicolae_temple_godzebo
Orc:1:    layout_caves, serial_shops, shop, nicolae_shop_rolled_up,
          nicolae_shop_hallway_plus, nicolae_shop_tiny_waterfront,
          nicolae_shop_waterfront, uniq_erolcha
Orc:2:    grunt_orc_cross, layout_caves, regret_index_minedec_devilstone,
          uniq_donald
Elf:1:    eino_elf_arrival_shootout, layout_geoelf_grid, serial_shops, shop,
          nicolae_elf_blasts_and_bolts, st_stairs_11, minmay_shoptagon,
          uniq_asterion, uniq_kirke
Elf:2:    elven_hall_of_blades_hangedman_original
          [nicolae_blade_entry_diamond_columns], layout_geoelf_octagon,
          mu_enter_wizlab_2

Skill      XL: |  1  2  3  4  5  6  7  8  9 10 11 12 13 14 15 |
---------------+----------------------------------------------+-----
Fighting       | 4 5 6 8 10 12 14 16 18 20 | 20.7
Polearms       | 4 |  4.8
Armour         | 3 4 5 6 8 9 11 12 14 16 17 | 17.0
Staves         | 1 2 3 6 9 10 12 13 15 16 17 | 17.8
Shields        | 1 |  1.2
Dodging        | 2 3 4 |  4.3
Evocations     | 1 |  1.3
Throwing       | 1 2 |  2.1
Stealth        | |  0.2
Unarmed Combat | |  0.1

Action                     |  1- 3 |  4- 6 |  7- 9 | 10-12 | 13-15 || total
---------------------------+-------+-------+-------+-------+-------++-------
  Melee: Spear             |    84 |    16 |       |       |       ||   100
         Headbutt          |    16 |    16 |    35 |   110 |   117 ||   294
         Punch             |     3 |       |       |       |       ||     3
         Quarterstaff      |       |    97 |   224 |   537 |   521 ||  1379
         Unarmed           |       |       |       |     3 |       ||     3
         Kick              |       |       |       |     1 |       ||     1
  Throw: Dart              |       |     2 |     3 |    15 |       ||    20
         Throwing net      |       |       |       |     1 |       ||     1
  Evoke: Wand              |       |       |     6 |    60 |    23 ||    89
    Use: Scroll            |       |     7 |     8 |    14 |    18 ||    47
         Potion            |       |     3 |     4 |     8 |    14 ||    29
   Stab: Confused          |       |       |     2 |       |     3 ||     5
         Invisible         |       |       |     1 |     4 |       ||     5
         Paralysed         |       |       |       |     1 |       ||     1
         Sleeping          |       |       |       |     1 |       ||     1
 Armour: Leather armour    |    30 |     5 |       |       |       ||    35
         Chain mail        |       |    62 |   124 |   176 |       ||   362
         Skin              |       |     1 |       |     3 |       ||     4
         Crystal plate arm |       |       |       |   148 |   582 ||   730
  Dodge: Dodged            |    25 |    43 |    60 |   128 |   154 ||   410
  Block: Other             |       |    14 |    33 |    70 |    88 ||   205
         Reflection        |       |       |       |     3 |     7 ||    10
